 Dungeon Crawl Stone Soup version 0.30-a0-393-g54b8e3be05 (webtiles) character file.

Game seed: 3098098208072307503

47 gelatine the Trooper (level 3, 0/29 HPs)
             Began as a Demonspawn Fighter on Dec 6, 2022.
             Succumbed to a goblin's poison
             ... on level 2 of the Dungeon.
             The game lasted 00:03:02 (706 turns).

gelatine the Trooper (Demonspawn Fighter)            Turns: 706, Time: 00:03:03

Health: 0/29       AC:  7    Str: 16    XL:     3   Next: 48%
Magic:  3/3        EV:  8    Int: 11    God:
Gold:   57         SH:  4    Dex: 12    Spells: 2/2 levels left

rFire   . . .      SeeInvis .    a - +0 war axe
rCold   . . .      Faith    .    c - +0 buckler
rNeg    . . .      Spirit   .    b - +0 scale mail
rPois   .          Reflect  .    g - +0 helmet
rElec   .          Harm     .    (no cloak)
rCorr   .          Rampage  .    (no gloves)
Will    .....                    (no boots)
Stlth   ..........               (no amulet)
HPRegen 0.24/turn                (no ring)
MPRegen 0.08/turn                (no ring)

@: lethally poisoned (0 -> -14), weak-willed
A: claws 1, demonic guardian 1
a: no special abilities


You were on level 2 of the Dungeon.
You visited 1 branch of the dungeon, and saw 2 of its levels.

You collected 57 gold pieces.

Inventory:

Hand Weapons
 a - a +0 war axe (weapon)
Armour
 b - a +0 scale mail (worn)
 c - a +0 buckler (worn)
 g - a +0 helmet (worn)
Scrolls
 j - a scroll of magic mapping {unknown}
Potions
 d - a potion of might
 h - a potion of haste {unknown}
 i - a potion of invisibility {unknown}


   Skills:
 + Level 3.3 Fighting
 + Level 2.5 Axes
 + Level 3.0 Armour
 + Level 0.2 Stealth
 + Level 3.0 Shields


You had 2 spell levels left.
You didn't know any spells.
Your spell library was empty.

Dungeon Overview and Level Annotations

Branches:
Dungeon (2/15)

Altars:

Shops:
D:1 =

Annotations:
D:2 Robin


Innate Abilities, Weirdness & Mutations

You have sharp fingernails.
A weak demonic guardian rushes to your aid.


Message History

The hobgoblin no longer looks unusually strong.
The goblin hits you but does no damage.
Robin roars a battlecry!
The hobgoblin goes into a battle-frenzy!
You hit the goblin.
You kill the goblin!
Robin throws the goblin at you! The goblin barely misses you.
Robin throws the goblin at you! The goblin barely misses you.
Unknown command.
You slash the goblin!
You kill the goblin!
You closely miss the goblin.
The hobgoblin no longer looks unusually strong.
The goblin no longer looks unusually strong.
A goblin comes into view. It is wielding a +0 dagger.
The goblin hits you but does no damage.
You are poisoned.
You completely miss the goblin. You closely miss Robin.
You feel very sick. The goblin hits you but does no damage.
You are more poisoned.
Unknown command.
You closely miss Robin. You closely miss the goblin.
You feel very sick. You block the goblin's attack.
Robin hits you but does no damage. Robin throws the goblin at you!
The hobgoblin hits you but does no damage.
The goblin hits you with a +2 dagger of venom.
You are more poisoned.
You slash Robin!
Robin is severely wounded.
You hit the goblin.
You kill the goblin!
You hit the hobgoblin.
* * * LOW HITPOINT WARNING * * *
You feel extremely sick. Robin hits you but does no damage.
The hobgoblin hits you but does no damage.
It was a potion of magic.
Magic courses through your body.
You die... .# .# .# .. g# g# ###g##.# #<@g...# ###)#### .# .# .# .# .# .#

You could see Robin (weak-willed), 2 hobgoblins and a goblin.

Vanquished Creatures
  3 dart slugs (D:1)
  2 ball pythons (D:1)
  3 endoplasms (D:1)
  4 giant cockroaches (D:1)
  9 goblins
  3 hobgoblins (D:1)
  4 jackals (D:1)
  A frilled lizard (D:2)
  A kobold (D:1)
  5 rats (D:1)
35 creatures vanquished.

Vanquished Creatures (collateral kills)
  A bat (D:1)
1 creature vanquished.

Grand Total: 36 creatures vanquished

Notes
Turn   | Place    | Note
-------+----------+-------------------------------------------
     0 | D:1      | gelatine the Demonspawn Fighter began the quest for the
                  | Orb.
     0 | D:1      | Reached XP level 1. HP: 18/18 MP: 1/1
    65 | D:1      | Found a faded altar of an unknown god.
    66 | D:1      | Noticed a shining eye
    68 | D:1      | Noticed a great orb of eyes
    68 | D:1      | Noticed an eye of devastation
    68 | D:1      | Noticed a great orb of eyes
   134 | D:1      | Gained mutation: A weak demonic guardian rushes to your
                  | aid. [demonic ancestry]
   134 | D:1      | Reached XP level 2. HP: 24/24 MP: 2/2
   255 | D:1      | Found Wuynlic's Jewellery Shoppe.
   388 | D:1      | Gained mutation: You have sharp fingernails. [demonic
                  | ancestry]
   388 | D:1      | Reached XP level 3. HP: 29/29 MP: 3/3
   690 | D:2      | Noticed Robin
   706 | D:2      | Succumbed to a goblin's poison

Illustrated notes

Levels and vault maps discovered:
D:1:      lemuel_arrival_tunnels, layout_basic, serial_shops,
          nicolae_shop_statue_plus, hellmonk_ecumenical_altar_watching_god,
          minmay_tromino_i2
D:2:      layout_basic, serial_shops, shop, hex_tiny, uniq_robin

Skill      XL: |  1  2 |
---------------+-------+-----
Axes           | 2 |  2.5
Shields        | 3 |  3.0
Armour         | 3 |  3.0
Fighting       | |  3.3
Stealth        | |  0.2

Action                   || total
-------------------------++-------
Melee: War axe           ||    88
  Use: Scroll            ||     1
       Potion            ||     1
Armor: Scale mail        ||    65
Dodge: Dodged            ||    51
Block: Buckler           ||    33

Table legend: (Time is in decaauts)
 A = Elapsed time spent in this place.
 B = Non-inter-level travel time spent in this place.
 C = Inter-level travel time spent in this place.
 D = Time resting spent in this place.
 E = Time spent auto-exploring this place.
 F = Levels seen in this place.
 G = Mean time per level.
                   A        B        C        D        E       F      G
               +--------+--------+--------+--------+--------+-----+--------+
         Total |    744 |    738 |      6 |      0 |    500 |   2 |  372.0 |
       Dungeon |    744 |    738 |      6 |      0 |    500 |   2 |  372.0 |
               +--------+--------+--------+--------+--------+-----+--------+

Top non-repeatable levels by time:
     D:1: 722 daAuts
     D:2: 22 daAuts
